 Dungeon Crawl Stone Soup version 0.22.1-1-ga44c0e5 (console) character file.

5313 erker the Transmogrifier (level 10, -1/73 HPs)
             Began as an Octopode Transmuter on Sept 28, 2018.
             Was an Elder of Cheibriados.
             Slain by a two-headed ogre
             ... wielding a +0 giant spiked club
              (10 damage)
             ... on level 9 of the Dungeon.
             The game lasted 00:51:58 (8739 turns).

erker the Transmogrifier (Octopode Transmuter)      Turns: 8739, Time: 00:51:59

Health: -1/73      AC: 13    Str: 18    XL:     10   Next: 64%
Magic:  18/18      EV: 13    Int: 31    God:    Cheibriados [****..]
Gold:   509        SH:  0    Dex: 22    Spells: 9/20 levels left

rFire    x x .     SeeInvis .     - Unarmed
rCold    + + +     Gourm    .   (shield currently unavailable)
rNeg     + . .     Faith    .   (helmet currently unavailable)
rPois    +         Spirit   .   u - amulet of magic regeneration
rElec    .         Reflect  .   v - +3 ring of intelligence
rCorr    .         Harm     .   j - ring of flight (curse)
MR       .....                  p - +4 ring of protection
Stlth    +++.......             E - ring of positive energy
HPRegen  0.22/turn              D - +2 ring of slaying
MPRegen  0.41/turn              A - ring of ice
                                (no ring)
                                (no ring)

@: ice-form, drained, very slow
A: large, almost no armour, stealthy swim, amphibious, 8 rings, (constrict 8)
a: End Transformation, Bend Time, Temporal Distortion, Slouch, Renounce
Religion, Evoke Flight


You were on level 9 of the Dungeon.
You worshipped Cheibriados.
Cheibriados was greatly pleased with you.
You were not hungry.
You were a creature of crystalline ice.
You visited 2 branches of the dungeon, and saw 10 of its levels.
You also visited: Sewer.

You collected 509 gold pieces.

Inventory:

Hand Weapons
 b - a +0 blowgun
 x - a +0 dagger of venom
Missiles
 a - 90 arrows
 o - 64 bolts
 q - 35 poisoned needles
 s - 3 curare-tipped needles
Magical Staves
 B - an uncursed staff of conjuration {unknown}
 G - an uncursed staff of summoning {unknown}
Jewellery
 j - a cursed ring of flight (right front paw)
 p - a +4 ring of protection (on tentacle)
 u - an amulet of magic regeneration (around neck)
 v - a +3 ring of intelligence (left front paw)
 A - a ring of ice (on tentacle)
 D - a +2 ring of slaying (on tentacle)
 E - a ring of positive energy (on tentacle)
Wands
 f - a wand of flame (15)
Scrolls
 d - 3 scrolls of magic mapping {unknown}
 h - 4 scrolls of remove curse {unknown}
 l - 2 scrolls of immolation {unknown}
 m - 3 scrolls of enchant weapon {unknown}
 n - 4 scrolls of teleportation {unknown}
 r - 2 scrolls of identify
 w - 2 scrolls of enchant armour {unknown}
 y - 2 scrolls of fear {unknown}
Potions
 e - 3 potions of might
 g - 2 potions of agility
 i - 2 potions of berserk rage
 k - a potion of heal wounds
 t - 4 potions of haste
 z - 4 potions of flight
 C - a potion of lignification
 F - a potion of ambrosia
Comestibles
 c - 15 rations
 H - 6 chunks of flesh


   Skills:
 + Level 2.7(2.6) Fighting
 + Level 3.4(3.3) Throwing
 + Level 4.2(4.1) Dodging
 + Level 4.4(4.3) Stealth
 + Level 7.1(7.0) Unarmed Combat
 + Level 5.7(5.6) Spellcasting
 * Level 8.4(8.3) Transmutations
 + Level 4.2(4.1) Ice Magic
 - Level 2.0(1.9) Poison Magic
 * Level 5.5(5.3) Invocations


You had 9 spell levels left.
You knew the following spells:

 Your Spells              Type           Power        Failure   Level  Hunger
a - Beastly Appendage     Tmut           ######       1%          1    None
c - Confusing Touch       Hex            #.....       5%          1    None
s - Spider Form           Tmut/Pois      #####.....   1%          3    None
t - Sticks to Snakes      Tmut           ######..     1%          2    None
y - Ice Form              Ice/Tmut       ######..     4%          4    ###....

Your spell library contained the following spells:

 Spells                   Type           Power        Failure   Level  Hunger
 Blade Hands              Tmut           ######....   4%          5    #####..
 Petrify                  Tmut/Erth      ####....     10%         4    ###....
 Confuse                  Hex            #.......     16%         3    None
 Gell's Gravitas          Tloc           #.........   16%         3    None
 Yara's Violent Unravell  Hex/Tmut       ####......   26%         5    #####..
 Metabolic Englaciation   Hex/Ice        ####......   52%         5    #####..


Dungeon Overview and Level Annotations

Branches:
Dungeon (9/15)             Temple (1/1) D:5            Lair (0/6) D:8
    Orc: D:9-12

Altars:
Ashenzari
Cheibriados
Dithmenos
Elyvilon
Fedhas
Gozag
Hepliaklqana
Kikubaaqudgha
Makhleb
Nemelex Xobeh
Okawaru
Qazlal
Ru
Sif Muna
Trog
Uskayaw
Vehumet
Wu Jian
Xom
Yredelemnul
Zin
The Shining One

Shops:
D:4 [

Annotations:
D:5 1 exclusion
D:7 Dowan, Duvessa


Innate Abilities, Weirdness & Mutations

You cannot wear most types of armour.
You are very stealthy in the water. (Stealth+)
You are amphibious.
You can wear up to eight rings at the same time.
((You can use your tentacles to constrict eight enemies at once.))
((Your skin changes colour to match your surroundings (Stealth+).))
((Your rubbery body absorbs attacks. (AC +1, EV +1)))


Message History

Your adder bites the wight.
Your water moccasin misses the wight.
You punch the two-headed ogre! You freeze the two-headed ogre.
The two-headed ogre is almost dead.
Your adder bites the wight but does no damage.
The wight completely misses your adder.
The wight hits your water moccasin with a battleaxe.
The wight barely misses your adder.
The wight hits your adder with a hand axe of freezing.
Your adder seems to slow down.
The wight freezes your adder. The wight barely misses your adder.
The wight hits your adder with a short sword of freezing.
Your adder seems to slow down.
The wight freezes your adder.
Your adder dies!
Your water moccasin barely misses the wight.
Your adder bites the wight.
The two-headed ogre hits you with a giant spiked club!
* * * LOW HITPOINT WARNING * * *
The two-headed ogre hits you with a giant spiked club!
You die...

.. ..### ?. ......
... ...... ####...
......#####.......
........S.........
.......zO.........
......zzSY.....#
........S......#
...../.........#
...............#
...............#
##+####..........
#.#########. #.+
#.


You could see a two-headed ogre, 3 wights, a friendly water moccasin and 2
friendly adders.

Vanquished Creatures
  Pikel (D:8)
  3 hornets (D:8)
  2 hippogriffs
  A soldier ant (D:8)
  Purgy (Sewer)
  A sky beast (D:7)
  2 ice beasts
  An orc warrior (D:6)
  3 ogres
  A phantom (D:8)
  A necrophage (D:4)
  2 centaurs
  2 big kobolds
  3 bullfrogs
  2 scorpions (D:4)
  9 killer bees
  A wight (D:9)
  4 crimson imps
  2 centaur zombies
  A hound (D:4)
  A quasit (D:6)
  An orc priest (D:6)
  A bullfrog zombie (D:6)
  A gnoll shaman (D:8)
  A jelly (D:8)
  A centaur skeleton (D:8)
  2 iguanas
  A bullfrog skeleton (D:5)
  4 orc wizards
  4 worker ants
  16 gnolls
  A howler monkey skeleton (D:8)
  A river rat (D:5)
  15 adders
  2 oozes (D:4)
  An adder skeleton (D:4)
  An adder zombie (D:5)
  4 worms
  A dart slug (D:1)
  3 leopard geckos
  28 orcs
  12 bats
  9 giant cockroaches
  11 goblins
  5 hobgoblins
  14 jackals
  4 quokkas
  5 ball pythons
  6 frilled lizards
  10 kobolds
  A leopard gecko skeleton (D:4)
  12 rats
222 creatures vanquished.

Vanquished Creatures (collateral kills)
  A two-headed ogre (D:9)
  A slave (D:8)
  An ogre (D:4)
  A killer bee (D:8)
  An orc wizard (D:6)
  A worm (D:3)
  2 orcs
  A bat (D:3)
  A hobgoblin (D:3)
  2 kobolds (D:7)
  A rat (D:3)
13 creatures vanquished.

Vanquished Creatures (others)
  A wizard (D:3)
  3 slaves (D:8)
  An orc priest (D:8)
  A quokka (D:8)
6 creatures vanquished.

Grand Total: 241 creatures vanquished

Notes
Turn   | Place    | Note
-------+----------+-------------------------------------------
     0 | D:1      | erker the Octopode Transmuter began the quest for the Orb.
     0 | D:1      | Reached XP level 1. HP: 13/13 MP: 3/3
    43 | D:1      | Reached XP level 2. HP: 18/18 MP: 3/5
    64 | D:1      | Learned a level 2 spell: Sticks to Snakes
   451 | D:1      | Reached XP level 3. HP: 22/23 MP: 4/6
   486 | D:1      | Reached skill level 3 in Transmutations
   685 | D:1      | Learned a level 3 spell: Spider Form
  1585 | D:2      | Reached XP level 4. HP: 15/28 MP: 4/8
  1647 | D:2      | Reached skill level 1 in Poison Magic
  2058 | D:2      | Found a burning altar of Makhleb.
  2058 | D:2      | Noticed a green death
  2061 | D:2      | Noticed a ynoxinul
  2061 | D:2      | Noticed a neqoxec
  2195 | D:2      | Found a faded altar of an unknown god.
  2295 | D:2      | Found a glowing silver altar of Zin.
  2410 | D:3      | Reached XP level 5. HP: 29/33 MP: 6/9
  2426 | D:3      | Reached skill level 4 in Transmutations
  2839 | D:3      | Found a bloodstained altar of Trog.
  2840 | D:3      | Noticed a wizard
  2846 | D:3      | Killed a wizard
  2935 | D:3      | Found an opulent altar of Gozag.
  3213 | D:3      | Learned a level 4 spell: Ice Form
  3248 | D:4      | Found Quufixko's Armour Emporium.
  3473 | D:4      | Reached skill level 1 in Ice Magic
  3473 | D:4      | Reached XP level 6. HP: 24/38 MP: 11/11
  3551 | D:5      | Entered Level 5 of the Dungeon
  3555 | D:5      | Found a staircase to the Ecumenical Temple.
  3580 | Temple   | Entered the Ecumenical Temple
  3602 | Temple   | Became a worshipper of Cheibriados the Contemplative
  3757 | D:5      | Reached skill level 1 in Throwing
  4002 | D:5      | Found a glowing drain.
  4006 | Sewer    | Entered a sewer
  4015 | Sewer    | Reached * piety under Cheibriados
  4109 | Sewer    | Noticed Purgy
  4151 | Sewer    | Killed Purgy
  4151 | Sewer    | Reached skill level 1 in Stealth
  4151 | Sewer    | Reached XP level 7. HP: 43/43 MP: 12/12
  4484 | D:4      | Reached skill level 5 in Transmutations
  4715 | D:4      | Found a shattered altar of Ashenzari.
  4954 | D:5      | Reached XP level 8. HP: 48/48 MP: 8/13
  5501 | D:6      | Reached ** piety under Cheibriados
  5654 | D:6      | Reached skill level 6 in Transmutations
  6181 | D:6      | Learned a level 1 spell: Confusing Touch
  6221 | D:6      | Reached skill level 5 in Unarmed Combat
  6304 | D:7      | Noticed Duvessa
  6304 | D:7      | Noticed Dowan
  6472 | D:7      | Reached skill level 1 in Invocations
  6551 | D:7      | Reached XP level 9. HP: 54/54 MP: 15/15
  6571 | D:7      | Reached *** piety under Cheibriados
  6648 | D:7      | Found a stormy altar of Qazlal.
  7510 | D:8      | Found an ornate altar of the Wu Jian Council.
  7710 | D:8      | Found a radiant altar of Vehumet.
  7814 | D:8      | Noticed Pikel
  7827 | D:8      | Killed Pikel
  7827 | D:8      | Reached skill level 5 in Spellcasting
  7827 | D:8      | Reached skill level 7 in Transmutations
  7836 | D:8      | Reached **** piety under Cheibriados
  8001 | D:8      | Found a staircase to the Lair.
  8012 | D:8      | Reached XP level 10. HP: 60/60 MP: 17/17
  8159 | D:8      | Paralysed by a hornet for 1 turns
  8449 | D:8      | Reached skill level 5 in Invocations
  8580 | D:9      | Noticed a two-headed ogre
  8600 | D:9      | Killed a two-headed ogre
  8600 | D:9      | Reached skill level 8 in Transmutations
  8730 | D:9      | Noticed a two-headed ogre
  8739 | D:9      | Slain by a two-headed ogre

Skill      XL: |  1  2  3  4  5  6  7  8  9 10 |
---------------+-------------------------------+-----
Transmutations | 3 4 5 6 7 8 |  8.4
Poison Magic   | 1 2 |  2.0
Spellcasting   | 3 4 5 |  5.7
Ice Magic      | 1 2 3 4 |  4.2
Throwing       | 1 2 3 |  3.4
Stealth        | 1 2 3 4 |  4.4
Unarmed Combat | 4 5 6 7 |  7.1
Fighting       | 2 |  2.7
Dodging        | 3 4 |  4.2
Invocations    | 1 4 5 |  5.5

Action                   |  1- 3 |  4- 6 |  7- 9 | 10-12 || total
-------------------------+-------+-------+-------+-------++-------
Melee: Unarmed           |    85 |   211 |   219 |    46 ||   561
       Constrict         |    27 |    25 |     8 |       ||    60
       Tentacles         |    16 |    14 |     6 |     2 ||    38
       Kick              |     8 |    12 |     3 |     2 ||    25
       Punch             |       |     1 |     3 |       ||     4
 Fire: Blowgun           |       |    26 |    17 |     5 ||    48
 Cast: Beastly Appendage |    12 |     9 |     3 |     1 ||    25
       Spider Form       |     2 |    15 |     1 |       ||    18
       Sticks to Snakes  |     1 |    12 |    23 |    10 ||    46
       Ice Form          |       |       |    27 |     5 ||    32
Invok: Slouch            |       |       |       |     1 ||     1
  Use: Potion            |       |     3 |       |     2 ||     5
       Scroll            |       |       |     4 |     1 ||     5
 Stab: Sleeping          |     3 |     7 |     4 |     2 ||    16
       Distracted        |       |       |     1 |       ||     1
  Eat: Chunk             |     2 |     8 |    10 |     2 ||    22
       Ration            |       |     1 |       |       ||     1
Armor: Skin              |     5 |    16 |    79 |    19 ||   119
Dodge: Dodged            |    89 |   176 |   131 |    25 ||   421
